 Dungeon Crawl Stone Soup version 0.14-a0-2443-g5aee772 (webtiles) character file.

1518 RedPan the Basher (level 8, 0/46 HPs)
             Began as a Gargoyle Fighter on Feb 6, 2014.
             Slain by a black bear (2 damage)
             ... on Level 6 of the Dungeon.
             The game lasted 00:16:58 (4977 turns).

RedPan the Basher (Gargoyle Fighter)                Turns: 4977, Time: 00:16:58

HP   0/46        AC 21     Str 23      XL: 8   Next: 57%
MP   8/8         EV  6     Int  8      God:
Gold 212         SH 18     Dex  9      Spells:  0 memorised,  7 levels left

rFire  . . .     SeeInvis .     x - +2,+0 flail (protect)
rCold  . . .     Clarity  .     b - +0 scale mail
rNeg   + . .     Conserve +     c - +0 shield
rPois  +         rCorr    .     C - +2 helmet
rElec  +         rRot     +     (no cloak)
SustAb . .       Spirit   .     q - +0 pair of gloves
rMut   .         Warding  .     (no boots)
Saprov . . .     Stasis   .     D - amulet of conservation
MR     .....                    (no ring)
                                (no ring)

@: not resistant to hostile enchantments, extremely unstealthy
A: life protection 1, electricity resistance, unbreathing, petrification
resistance, AC +5
a: no special abilities


You were on level 6 of the Dungeon.
You were hungry.

You visited 1 branch of the dungeon, and saw 6 of its levels.

You collected 212 gold pieces.

Inventory:

Hand weapons
 x - a +2,+0 flail of protection (weapon)
Armour
 b - a +0 scale mail (worn)
 c - a +0 shield (worn)
 q - a +0 pair of gloves (worn)
 C - a +2 helmet (worn)
Magical devices
 a - a wand of digging (15)
 z - a wand of random effects (7)
Comestibles
 d - 4 bread rations
 s - 3 chokos
 t - 2 rotting chunks of centaur flesh
 u - a meat ration
 E - a chunk of gnoll flesh
Scrolls
 e - 2 scrolls of fog {unknown}
 g - 4 scrolls of teleportation
 h - 4 scrolls of identify
 i - 2 scrolls of random uselessness {unknown}
 o - 4 scrolls of remove curse {unknown}
 r - 3 scrolls of enchant weapon II {unknown}
 v - a scroll of recharging {unknown}
 w - a scroll of noise {unknown}
 y - a scroll of curse weapon {unknown}
 A - a scroll of amnesia {unknown}
 B - a scroll of curse armour {unknown}
Jewellery
 D - an amulet of conservation (around neck)
Potions
 f - 2 potions of agility {unknown}
 j - a potion of might
 k - 2 potions of invisibility {unknown}
 l - 2 potions of flight {unknown}
 m - 2 potions of brilliance {unknown}
 n - a potion of magic {unknown}
 p - 2 potions of curing {unknown}


   Skills:
 - Level 3.2 Fighting
 + Level 11.1 Maces & Flails
 - Level 3.2 Armour
 - Level 3.2 Shields


You had 7 spell levels left.
You didn't know any spells.

Dungeon Overview and Level Annotations

Branches:
Dungeon (6/16)
 Temple: D:4-7

Altars:
Makhleb
Trog
Vehumet

Shops:
D:5 }


Innate Abilities, Weirdness & Mutations

You are resistant to torment.
You are immune to poison.
Your stone body is very resilient (AC +5).
You resist negative energy.
You are resistant to electric shocks.
You can survive without breathing.
You are immune to petrification.


Message History

You hit the black bear but do no damage.
The black bear is almost dead.
The black bear bites you.
* * * LOW HITPOINT WARNING * * *
The black bear barely misses you.
The black bear claws you but does no damage.
You block the hobgoblin zombie's attack.
You hit the black bear but do no damage.
The black bear is almost dead.
The black bear bites you.
* * * LOW HITPOINT WARNING * * *
The black bear claws you but does no damage.
You block the black bear's attack.
The black bear bites you but does no damage.
The black bear claws you but does no damage.
You closely miss the black bear.
The black bear is almost dead.
You block the hobgoblin zombie's attack.
You block the black bear's attack. The black bear claws you.
You die...

#. ##.## U... #..# #..#
#))##### . #..U...#
########. #.####U#
............ #@#
.......).#######z#
........# #.....#....
........# #............
........####...........
........'..............
........####...........
........# #######....
........# ...


You could see a black bear (berserk) and a hobgoblin zombie.

Vanquished Creatures
  Edmund (D:4)
  The ghost of dck the Caller, an average VSSu (D:4)
  A phantom (D:5)
  3 ogres
  2 centaurs
  A gnoll sergeant (D:6)
  An orc wizard (D:3)
  2 iguanas
  A worker ant (D:5)
  3 hounds
  Natasha (D:5)
  2 scorpions
  6 adders
  13 gnolls
  2 worms
  2 adder skeletons (D:5)
  A giant gecko (D:5)
  An ooze (D:1)
  5 orcs
  4 giant cockroaches
  8 goblins
  7 hobgoblins
  2 quokkas
  2 ball pythons
  9 bats
  5 giant newts
  A giant spore (D:6)
  A hobgoblin skeleton (D:4)
  A jackal skeleton (D:6)
  9 kobolds
  A quokka skeleton (D:5)
  14 rats
113 creatures vanquished.

Notes
Turn   | Place    | Note
--------------------------------------------------------------
     0 | D:1      | RedPan, the Gargoyle Fighter, began the quest for the Orb.
     0 | D:1      | Reached XP level 1. HP: 14/14 MP: 1/1
   141 | D:1      | Reached XP level 2. HP: 19/19 MP: 2/2
   819 | D:2      | Reached XP level 3. HP: 21/23 MP: 3/3
   976 | D:2      | Reached skill level 4 in Maces & Flails
  1378 | D:2      | Reached XP level 4. HP: 12/28 MP: 4/4
  1887 | D:3      | Reached skill level 5 in Maces & Flails
  2286 | D:3      | Reached XP level 5. HP: 32/32 MP: 5/5
  2451 | D:2      | Found a radiant altar of Vehumet.
  2596 | D:4      | Noticed an ogre
  2754 | D:4      | Noticed Edmund
  2782 | D:4      | Killed Edmund
  2782 | D:4      | Reached skill level 6 in Maces & Flails
  2782 | D:4      | Reached XP level 6. HP: 19/37 MP: 6/6
  2984 | D:4      | Reached skill level 7 in Maces & Flails
  3148 | D:4      | Found a burning altar of Makhleb.
  3152 | D:4      | Noticed dck's ghost (average VSSu)
  3165 | D:4      | Killed dck's ghost
  3183 | D:4      | Reached XP level 7. HP: 27/41 MP: 7/7
  3330 | D:4      | Reached skill level 8 in Maces & Flails
  3351 | D:4      | Noticed an ogre
  3367 | D:4      | Killed an ogre
  3377 | D:4      | Killed an ogre
  3573 | D:4      | Reached skill level 9 in Maces & Flails
  3646 | D:4      | Found a bloodstained altar of Trog.
  3746 | D:5      | Entered Level 5 of the Dungeon
  3946 | D:5      | Reached XP level 8. HP: 44/46 MP: 8/8
  4082 | D:5      | Reached skill level 10 in Maces & Flails
  4364 | D:5      | Found Raokk's Gadget Shoppe.
  4449 | D:5      | Noticed Natasha
  4457 | D:5      | Killed Natasha
  4891 | D:6      | Reached skill level 11 in Maces & Flails
  4976 | D:6      | HP: 1/46 [black bear (4)]
  4977 | D:6      | Slain by a black bear

Action                   |  1- 3 |  4- 6 |  7- 9 || total
-------------------------+-------+-------+-------++-------
Melee: Mace              |   154 |   111 |       ||   265
       Flail             |       |    46 |   189 ||   235
Evoke: Wand              |       |       |     2 ||     2
  Use: Scroll            |       |     3 |     1 ||     4
       Potion            |       |     1 |       ||     1
